 Dungeon Crawl Stone Soup version 0.28.0-45-g0d030f2227 (webtiles) character file.

Game seed: 13083760636506972467

33 pkoi the Caller (level 3, -2/26 HPs)
             Began as a Demigod Summoner on Apr 19, 2022.
             Slain by a quokka (3 damage)
             ... on level 2 of the Dungeon.
             The game lasted 00:05:10 (4041 turns).

pkoi the Caller (Demigod Summoner)                  Turns: 4041, Time: 00:05:11

Health: -2/26      AC:  2    Str:  9    XL:     3   Next: 0%
Magic:  6/9        EV: 12    Int: 21    God:
Gold:   46         SH:  0    Dex: 14    Spells: 6/7 levels left

rFire   . . .      SeeInvis .   b - +0 dagger
rCold   . . .      Faith    .   (no shield)
rNeg    . . .      Spirit   .   a - +0 robe
rPois   .          Reflect  .   (no helmet)
rElec   .          Harm     .   (no cloak)
rCorr   .          Rampage  .   (no gloves)
Will    .....                   (no boots)
Stlth   ++........              (no amulet)
HPRegen 0.08/turn               (no ring)
MPRegen 0.11/turn               (no ring)

@: no status effects
A: high MP 1, forlorn, divine attributes
a: no special abilities


You were on level 2 of the Dungeon.
You visited 1 branch of the dungeon, and saw 3 of its levels.

You collected 46 gold pieces.

Inventory:

Hand Weapons
 b - a +0 dagger (weapon)
Armour
 a - a +0 robe (worn)
Scrolls
 c - a scroll of amnesia {unknown}
 d - 3 scrolls of teleportation {unknown}
 g - a scroll of magic mapping {unknown}
Potions
 e - 2 potions of might {unknown}
 f - a potion of flight {unknown}
 h - 2 potions of brilliance {unknown}
 i - a potion of haste {unknown}


   Skills:
 - Level 1.7 Dodging
 - Level 1.7 Stealth
 + Level 2.5 Spellcasting
 + Level 4.1 Summonings


You had 6 spell levels left.
You knew the following spells:

 Your Spells              Type           Power      Damage    Failure   Level
a - Summon Small Mammal   Summ           80%        N/A       2%          1

Your spell library contained the following spells:

 Spells                   Type           Power      Damage    Failure   Level
 Call Imp                 Summ           20%        N/A       3%          2
 Call Canine Familiar     Summ           20%        N/A       8%          3
 Summon Guardian Golem    Hex/Summ       11%        N/A       19%         3
 Summon Lightning Spire   Summ/Air       11%        N/A       52%         4


Dungeon Overview and Level Annotations

Branches:
Dungeon (3/15)

Annotations:
D:2 Natasha, Terence


Innate Abilities, Weirdness & Mutations

You have an increased reservoir of magic. (+10% MP)
You shall have no god before yourself.
Your divine heritage dramatically boosts your attributes as you level up.


Message History

Magic restored.
You start resting.
A giant cockroach comes into view.
A giant cockroach is nearby!
An adder comes into view.
There is a stone staircase leading up here.
An adder is nearby!
You climb upwards.
Level annotation: Natasha, Terence
There is a stone staircase leading down here.
You see here a yellow potion.
h - 2 yellow potions (gained 1)
The kobold shouts!
Casting: Summon Small Mammal (safe; 3% risk of failure)
Confirm with . or Enter, or press ? or * to list all spells.
Unknown command.
Casting: Summon Small Mammal (safe; 3% risk of failure)
Confirm with . or Enter, or press ? or * to list all spells.
Unknown command.
You completely miss the kobold.
Your quokka barely misses the kobold.
The kobold hits you with a +0 dagger.
* * * LOW HITPOINT WARNING * * *
Your quokka bites the kobold.
The kobold dies!
You have reached level 3!
Your experience leads to a dramatic increase in your attributes!
Increase (S)trength, (I)ntelligence, or (D)exterity?
You feel clever. x4
The quokka bites you.
* * * LOW HITPOINT WARNING * * *
The quokka bites you.
* * * LOW HITPOINT WARNING * * *
You see here a +0 dagger.
You hit the quokka but do no damage.
Your quokka bites the quokka but does no damage.
The quokka bites you.
* * * LOW HITPOINT WARNING * * *
You hit the quokka but do no damage.
Your quokka closely misses the quokka.
Your quokka bites the quokka.
The quokka bites you.
You die...

#####.#.##.#####
#........#.h.h.#
#........#####.# #
#........# #.#
..####........# #ยง#
..............# #h#
..............# #.#
.........rr.[.#####.#
.......<.r@..>......#
##....###############
#.... #... ####


You could see a quokka (ally target) and 2 friendly quokkas.

Vanquished Creatures
  2 endoplasms
  A giant cockroach (D:1)
  A hobgoblin (D:1)
  2 kobolds
  A quokka (D:1)
  2 ball pythons (D:1)
  2 rats (D:1)
11 creatures vanquished.

Vanquished Creatures (collateral kills)
  A worm (D:1)
  A ball python (D:1)
  An endoplasm (D:1)
  2 goblins (D:1)
  3 hobgoblins
  2 quokkas (D:1)
  2 bats (D:1)
  4 kobolds
  A rat (D:1)
17 creatures vanquished.

Vanquished Creatures (others)
  A fungus (D:2)
1 creature vanquished.

Grand Total: 29 creatures vanquished

Notes
Turn   | Place    | Note
-------+----------+-------------------------------------------
     0 | D:1      | pkoi the Demigod Summoner began the quest for the Orb.
     0 | D:1      | Reached XP level 1. HP: 14/14 MP: 5/5
   252 | D:1      | You fall into a shaft and drop 1 floor!
   275 | D:2      | Noticed Natasha
   281 | D:2      | Noticed a crimson imp
   291 | D:2      | Noticed a crimson imp
   312 | D:2      | Noticed a crimson imp
  1018 | D:1      | Reached XP level 2. HP: 5/20 MP: 3/7
  1022 | D:1      | HP: 1/20 [kobold/+0 short sword (4)]
  2042 | D:1      | Reached skill level 4 in Summonings
  3903 | D:2      | Noticed Terence
  4039 | D:2      | Reached XP level 3. HP: 10/26 MP: 6/9
  4040 | D:2      | HP: 1/26 [quokka (2)]
  4041 | D:2      | Slain by a quokka

Illustrated notes

Levels and vault maps discovered:
D:1:      sevenhm_arrival_forest_fort_small_3, layout_loops_ring, serial_rivers,
          chequers_serial_rivers_micro_e, chequers_serial_rivers_small_b,
          chequers_serial_rivers_large_b, chequers_serial_rivers_micro_e,
          chequers_serial_rivers_marsh
D:2:      layout_basic, uniq_crazy_yiuf_cottage, uniq_terence, uniq_natasha
D:3:      layout_rooms, uniq_robin

Skill      XL: |  1  2 |
---------------+-------+-----
Spellcasting   | 2 |  2.5
Summonings     | 4 |  4.1
Dodging        | |  1.7
Stealth        | |  1.7

Action                   || total
-------------------------++-------
Melee: Dagger            ||    88
       Unarmed           ||     4
       Punch             ||     1
 Cast: Summon Small Mamm ||    53
 Stab: Sleeping          ||     2
       Distracted        ||     1
Armor: Robe              ||    32
Dodge: Dodged            ||    76
